 Dungeon Crawl Stone Soup version 0.27-a0-1006-g1fd4cec11e (webtiles) character file.

Game seed: 6716411869080247997

55 siradein the Cudgeller (level 3, 0/29 HPs)
             Began as a Demonspawn Fighter on Apr 18, 2021.
             Slain by an adder (3 damage)
             ... on level 2 of the Dungeon.
             The game lasted 00:02:55 (1830 turns).

siradein the Cudgeller (Demonspawn Fighter)         Turns: 1830, Time: 00:02:56

Health: 0/29       AC: 13    Str: 17    XL:     3   Next: 67%
Magic:  3/3        EV:  2    Int:  9    God:
Gold:   51         SH:  8    Dex: 12    Spells: 2/2 levels left

rFire    . . .     SeeInvis .   a - +0 flail
rCold    . . .     Faith    .   c - +0 kite shield
rNeg     . . .     Spirit   .   i - +0 plate armour
rPois    .         Reflect  .   (no helmet)
rElec    .         Harm     .   (no cloak)
rCorr    .         Rampage  .   (no gloves)
Will     .....                  (no boots)
Stlth    ..........             (no amulet)
HPRegen  0.09/turn              (no ring)
MPRegen  0.08/turn              (no ring)

@: no status effects
A: molten scales 1, powered by pain 1
a: no special abilities


You were on level 2 of the Dungeon.
You visited 1 branch of the dungeon, and saw 2 of its levels.

You collected 51 gold pieces.

Inventory:

Hand Weapons
 a - a +0 flail (weapon)
Missiles
 l - a throwing net (quivered)
Armour
 c - a +0 kite shield (worn)
 i - a +0 plate armour (worn)
Scrolls
 f - a scroll of noise {unknown}
 g - a scroll of identify {unknown}
 j - a scroll of summoning {unknown}
 k - a scroll of teleportation {unknown}
Potions
 b - a potion of haste {unknown}
 d - a potion of might
 e - a potion of brilliance {unknown}
 h - a potion of resistance {unknown}
 m - a potion of cancellation {unknown}
 n - a potion of invisibility {unknown}


   Skills:
 - Level 3.0 Fighting
 + Level 3.7 Maces & Flails
 - Level 2.6 Armour
 - Level 2.6 Shields


You had 2 spell levels left.
You didn't know any spells.
Your spell library was empty.

Dungeon Overview and Level Annotations

Branches:
Dungeon (2/15)

Altars:


Innate Abilities, Weirdness & Mutations

You are partially covered in molten scales. (AC +2)
You sometimes gain a little power by taking damage.


Message History

The adder bites you but does no damage. x2
Your plate armour prevents you from hitting the adder.
The adder is lightly wounded.
The adder bites you but does no damage. x2
You closely miss the adder.
The adder is lightly wounded.
The adder bites you. The adder bites you but does no damage.
You barely miss the adder.
The adder is lightly wounded.
The adder bites you. x2
You hit the adder.
The adder is moderately wounded.
The adder barely misses you.
Your shield prevents you from hitting the adder.
The adder is moderately wounded.
The adder bites you but does no damage. The adder bites you.
You barely miss the adder.
The adder is moderately wounded.
You block the adder's attack. The adder bites you.
* * * LOW HITPOINT WARNING * * *
You closely miss the adder.
The adder is moderately wounded.
The adder bites you.
* * * LOW HITPOINT WARNING * * *
The endoplasm jiggles.
The adder bites you but does no damage. The adder bites you but does no damage.
The adder completely misses you. The adder bites you but does no damage.
You barely miss the adder.
The adder is moderately wounded.
The adder bites you but does no damage. The adder bites you.
* * * LOW HITPOINT WARNING * * *
You hit the adder.
The adder is heavily wounded.
You block the adder's attack. The adder bites you but does no damage.
You closely miss the adder.
The adder is heavily wounded.
The adder bites you.
You die...

........##.........###
..#.###†##............
. #. #.#........#.###
#.###.....######.#
#.....J........#.#
#######........#.#
#..)..####.#
##########.##.# #.#
#....@SJ...##.# #.#
#.#######..##.#
.#######.....#
..........####
.##########


You could see an adder and an endoplasm.

Vanquished Creatures
  2 adders (D:2)
  A worm (D:2)
  A dart slug (D:1)
  4 bats
  An endoplasm (D:2)
  A giant cockroach (D:1)
  4 goblins
  3 hobgoblins
  5 kobolds
  2 quokkas (D:1)
  A frilled lizard (D:1)
  3 rats (D:1)
28 creatures vanquished.

Notes
Turn   | Place    | Note
-------+----------+-------------------------------------------
     0 | D:1      | siradein the Demonspawn Fighter began the quest for the
                  | Orb.
     0 | D:1      | Reached XP level 1. HP: 18/18 MP: 1/1
   333 | D:1      | Gained mutation: You are partially covered in molten
                  | scales. (AC +2) [demonic ancestry]
   333 | D:1      | Reached XP level 2. HP: 21/21 MP: 2/2
   437 | D:1      | Found a faded altar of an unknown god.
  1342 | D:2      | Gained mutation: You sometimes gain a little power by
                  | taking damage. [demonic ancestry]
  1342 | D:2      | Reached XP level 3. HP: 16/29 MP: 3/3
  1830 | D:2      | Slain by an adder

Illustrated notes

Levels and vault maps discovered:
D:1:      mrwooster_arrival_arrow, layout_basic, serial_glass, glass_columns_c,
          glass_columns_a, ebering_ecumenical_altar_abandoned
D:2:      layout_basic, item_on_display_a

Skill      XL: |  1  2 |
---------------+-------+-----
Maces & Flails | 2 3 |  3.7
Fighting       | |  3.0
Armour         | |  2.6
Shields        | |  2.6

Action                   || total
-------------------------++-------
Melee: Flail             ||   114
Armor: Scale mail        ||    18
       Plate armour      ||    60
Dodge: Dodged            ||    21
Block: Kite shield       ||    56

Table legend: (Time is in decaauts)
 A = Elapsed time spent in this place.
 B = Non-inter-level travel time spent in this place.
 C = Inter-level travel time spent in this place.
 D = Time resting spent in this place.
 E = Time spent auto-exploring this place.
 F = Levels seen in this place.
 G = Mean time per level.
                   A        B        C        D        E       F      G
               +--------+--------+--------+--------+--------+-----+--------+
         Total |   1886 |   1847 |     39 |      0 |   1419 |   2 |  943.0 |
       Dungeon |   1886 |   1847 |     39 |      0 |   1419 |   2 |  943.0 |
               +--------+--------+--------+--------+--------+-----+--------+

Top non-repeatable levels by time:
     D:1: 1081 daAuts
     D:2: 804 daAuts
